Map: Frostline LE

Players

llllllllllll - Winner!

  • Race: Protoss Protoss
  • League: Gold
  • Spawn Location: 7:00

布丁狗

  • Race: Protoss Protoss
  • League: Platinum
  • Spawn Location: 1:00

VOD

Have the link to the VOD?

Description

Time

  • Played on: April 24, 2025, 11:36 a.m.
  • Length: 3:37
Show
View Real Time Build Order
Export as new Build Order

llllllllllll Protoss - Winner!

Build Orders:  

Get SALT Encoding   

  12  0:01  Probe  
  13  0:13  Probe  
  14  0:19  Pylon  
  14  0:25  Probe  
  15  0:38  Gateway  
  15  0:40  Assimilator  
  15  0:49  Pylon  
  15  1:08  Gateway  
  15  1:13  Gateway  
  15  1:26  Cybernetics Core  
  15  1:34  Probe  
  16  1:46  Probe  
  17  1:51  Stalker x2  
  21  2:17  Stalker x2  
  25  2:44  Stalker  
  27  2:53  Stalker  
Show
View Real Time Build Order
Export as new Build Order

布丁狗 Protoss 

Build Orders:  

Get SALT Encoding   

  12  0:00  Probe  
  13  0:12  Probe  
  14  0:25  Probe, Pylon  
  15  0:43  Probe  
  16  0:55  Probe  
  17  1:04  Gateway  
  17  1:07  Probe  
  17  1:11  Assimilator  
  18  1:25  Probe  
  19  1:34  Nexus  
  19  1:38  Forge  
  19  1:44  Assimilator  
  19  1:51  Pylon  
  19  2:02  Cybernetics Core  
  19  2:11  Probe  
  20  2:16  Zealot  
  20  2:21  Photon Cannon  
  22  2:25  Pylon  
  22  2:36  Gateway  
  22  2:40  Photon Cannon  
  22  2:45  Shield Battery  
  24  2:57  Photon Cannon  
  20  3:00  Pylon  
  20  3:09  Probe  
  20  3:10  Pylon  
  21  3:17  Probe  
  21  3:25  Probe  
Tags
 
Matchup
PvP
Replay Pack
kreditionep1
Spawn Locations
Cross Positions
Add a new tag
Caveats
  • Supply blocks, unpowered buildings, or Contaminate may cause inaccurate times.
  • Supply counts are checked every 10 seconds.